 Dungeon Crawl Stone Soup version 0.21-a0-401-g0b6bec4 (webtiles) character file.

120 uglyjohn the Ducker (level 5, -9/64 HPs)
             Began as a Gnoll Gladiator on Oct 25, 2017.
             Killed by divine providence
             ... invoked by an orc priest
              (15 damage)
             ... on level 3 of the Dungeon.
             The game lasted 00:03:32 (1316 turns).

uglyjohn the Ducker (Gnoll Gladiator)               Turns: 1316, Time: 00:03:32

Health: -9/64      AC: 22    Str: 16      XL:     5   Next: 4%
Magic:  6/6        EV:  2    Int: 12      God:
Gold:   104        SH:  0    Dex: 18 (19) Spells: 6/6 levels left

rFire    . . .     SeeInvis .   a - +1 quarterstaff
rCold    . . .     Gourm    .   (shield currently unavailable)
rNeg     + + +     Faith    .   (armour currently unavailable)
rPois    +         Spirit   .   (helmet currently unavailable)
rElec    .         Reflect  .   (cloak currently unavailable)
rCorr    .         Harm     .   (gloves currently unavailable)
MR       .....     NoTele   +   (boots currently unavailable)
Stlth    ++........             (no amulet)
HPRegen  0.20/turn              n - +3 ring of dexterity
MPRegen  0.10/turn              w - ring of flight

@: tree-form
A: distributed training, strong nose
a: no special abilities


You were on level 3 of the Dungeon.
You were not hungry.
You were a tree.
You visited 1 branch of the dungeon, and saw 3 of its levels.

You collected 104 gold pieces.

Inventory:

Hand Weapons
 a - a +1 quarterstaff (weapon)
Missiles
 d - 3 throwing nets (quivered)
 p - 29 bolts
Armour
 b - a +0 leather armour
 c - a +0 helmet (melded)
 m - a +0 ring mail (melded)
Jewellery
 n - a +3 ring of dexterity (left branch)
 w - a ring of flight (right branch)
Scrolls
 j - a scroll of remove curse
 v - a scroll of noise {unknown}
 x - a scroll of blinking {unknown}
Potions
 e - a potion of curing {unknown}
 h - a potion of haste {unknown}
 i - a potion of mutation {unknown}
 o - a potion of lignification
 q - a potion of flight {unknown}
 r - a potion of invisibility {unknown}
 s - a potion of agility {unknown}
 u - a potion of cancellation {unknown}
Comestibles
 f - 3 bread rations
 g - 2 meat rations
 l - 5 chunks of flesh


   Skills:
 + Level 4.7 Fighting
 + Level 1.3 Short Blades
 + Level 1.3 Long Blades
 + Level 1.3 Axes
 + Level 1.3 Maces & Flails
 + Level 1.3 Polearms
 + Level 6.6 Staves
 + Level 1.3 Slings
 + Level 1.3 Bows
 + Level 1.3 Crossbows
 + Level 4.7 Throwing
 + Level 1.3 Armour
 + Level 6.6 Dodging
 + Level 1.3 Stealth
 + Level 1.3 Shields
 + Level 1.3 Unarmed Combat
 + Level 1.3 Spellcasting
 + Level 1.0 Conjurations
 + Level 1.0 Hexes
 + Level 1.0 Charms
 + Level 1.0 Summonings
 + Level 1.0 Necromancy
 + Level 1.0 Translocations
 + Level 1.0 Transmutations
 + Level 1.0 Fire Magic
 + Level 1.0 Ice Magic
 + Level 1.0 Air Magic
 + Level 1.0 Earth Magic
 + Level 1.0 Poison Magic
 + Level 1.4 Invocations
 + Level 1.3 Evocations


You had 6 spell levels left.
You didn't know any spells.

Dungeon Overview and Level Annotations

Branches:
Dungeon (3/15)

Altars:
The Shining One


Innate Abilities, Weirdness & Mutations

Your experience applies equally to all skills.
((You have very sharp teeth.))
Your uncanny sense of smell can sniff out nearby items.


Message History

The orc priest begins to cast a cantrip, but forgets the words!
You hit the orc priest.
The orc priest is moderately wounded.
The orc priest hits you with a morningstar.
* * * LOW HITPOINT WARNING * * *
You sock the orc priest!
The orc priest is almost dead.
The orc wizard gestures wildly while chanting.
The orc wizard flickers and vanishes!
Deactivating autopickup; reactivate with Ctrl-A.
You sock the orc!
You kill the orc!
You hit the orc priest.
The orc priest is almost dead.
The orc priest hits you but does no damage.
You hit the orc priest but do no damage.
The orc priest is almost dead.
The orc priest invokes the aid of Beogh against you.
Beogh smites you!
You die...

### ###
###.#######.#####################
.............................(...
#################################
...............<♣o.oo..#
######################.# .. ##
######### ## +..<..... .#
##....... ## #.......


You could see an orc priest and 2 orcs.

Vanquished Creatures
  A quasit (D:3)
  5 adders
  2 oozes
  2 orcs
  5 bats
  A giant cockroach (D:1)
  3 goblins
  4 hobgoblins
  A quokka (D:2)
  A ball python (D:1)
  3 frilled lizards (D:2)
  3 kobolds
  7 rats
38 creatures vanquished.

Notes
Turn   | Place    | Note
-------+----------+-------------------------------------------
     0 | D:1      | uglyjohn the Gnoll Gladiator began the quest for the Orb.
     0 | D:1      | Reached XP level 1. HP: 20/20 MP: 1/1
   250 | D:1      | Reached XP level 2. HP: 26/26 MP: 2/2
   719 | D:2      | Reached XP level 3. HP: 31/31 MP: 3/3
   750 | D:2      | Found a glowing golden altar of the Shining One.
   888 | D:2      | Reached skill level 1 in Invocations
   975 | D:2      | Reached skill level 1 in Short Blades
   975 | D:2      | Reached skill level 1 in Long Blades
   975 | D:2      | Reached skill level 1 in Axes
   975 | D:2      | Reached skill level 1 in Maces & Flails
   975 | D:2      | Reached skill level 1 in Polearms
   975 | D:2      | Reached skill level 1 in Slings
   975 | D:2      | Reached skill level 1 in Bows
   975 | D:2      | Reached skill level 1 in Crossbows
   975 | D:2      | Reached skill level 1 in Armour
   975 | D:2      | Reached skill level 1 in Stealth
   975 | D:2      | Reached skill level 1 in Shields
   975 | D:2      | Reached skill level 1 in Unarmed Combat
   975 | D:2      | Reached skill level 1 in Spellcasting
   975 | D:2      | Reached skill level 1 in Evocations
   975 | D:2      | Reached XP level 4. HP: 34/38 MP: 5/5
  1235 | D:3      | Reached skill level 1 in Conjurations
  1235 | D:3      | Reached skill level 1 in Hexes
  1235 | D:3      | Reached skill level 1 in Charms
  1235 | D:3      | Reached skill level 1 in Summonings
  1235 | D:3      | Reached skill level 1 in Necromancy
  1235 | D:3      | Reached skill level 1 in Translocations
  1235 | D:3      | Reached skill level 1 in Transmutations
  1235 | D:3      | Reached skill level 1 in Fire Magic
  1235 | D:3      | Reached skill level 1 in Ice Magic
  1235 | D:3      | Reached skill level 1 in Air Magic
  1235 | D:3      | Reached skill level 1 in Earth Magic
  1235 | D:3      | Reached skill level 1 in Poison Magic
  1235 | D:3      | Reached XP level 5. HP: 35/43 MP: 6/6
  1316 | D:3      | Killed from afar by an orc priest

Vault maps used:
D:1:      dpeg_arrival_shelter
D:2:      lemuel_round_altar, minmay_misc_feat_secret_circle
D:3:      kennysheep_slugbush, roderic_batcave

Skill      XL: |  1  2  3  4 |
---------------+-------------+-----
Invocations    | 1 |  1.4
Short Blades   | 1 |  1.3
Long Blades    | 1 |  1.3
Axes           | 1 |  1.3
Maces & Flails | 1 |  1.3
Polearms       | 1 |  1.3
Slings         | 1 |  1.3
Bows           | 1 |  1.3
Crossbows      | 1 |  1.3
Armour         | 1 |  1.3
Stealth        | 1 |  1.3
Shields        | 1 |  1.3
Unarmed Combat | 1 |  1.3
Spellcasting   | 1 |  1.3
Evocations     | 1 |  1.3
Conjurations   | 1 |  1.0
Hexes          | 1 |  1.0
Charms         | 1 |  1.0
Summonings     | 1 |  1.0
Necromancy     | 1 |  1.0
Translocations | 1 |  1.0
Transmutations | 1 |  1.0
Fire Magic     | 1 |  1.0
Ice Magic      | 1 |  1.0
Air Magic      | 1 |  1.0
Earth Magic    | 1 |  1.0
Poison Magic   | 1 |  1.0
Fighting       | |  4.7
Staves         | |  6.6
Throwing       | |  4.7
Dodging        | |  6.6

Action                   |  1- 3 |  4- 6 || total
-------------------------+-------+-------++-------
Melee: Quarterstaff      |    67 |    40 ||   107
       Bite              |     4 |     4 ||     8
  Use: Scroll            |     4 |     2 ||     6
       Potion            |       |     1 ||     1
 Stab: Sleeping          |     1 |       ||     1
  Eat: Chunk             |       |     1 ||     1
Armor: Ring mail         |    17 |    14 ||    31
       Skin              |       |     1 ||     1
Dodge: Dodged            |    53 |    44 ||    97

Table legend:
 A = Spawn XP
 B = Non-spawn XP
 C = Spawn XP percentage of total XP
 D = Spawn monster count
 E = Non-spawn monster count
 F = Spawn count percentage of total count
 G = Total turns spent on level
                    A         B        C        D         E        F      G
               +---------+---------+-------+---------+---------+-------+---------
         Total |       0 |     172 |   0.0 |       0 |      38 |   0.0 |  1316
               +---------+---------+-------+---------+---------+-------+---------
           D:1 |       0 |      19 |   0.0 |       0 |       9 |   0.0 |   580
           D:2 |       0 |      84 |   0.0 |       0 |      22 |   0.0 |   576
           D:3 |       0 |      69 |   0.0 |       0 |       7 |   0.0 |   160
               +---------+---------+-------+---------+---------+-------+---------
